 Dungeon Crawl Stone Soup version 0.16-a0-734-gc254e8c (console) character file.

20 Kellhus the Sneak (level 2, -5/19 HPs)
             Began as a Vampire Wizard on Sept 22, 2014.
             Killed from afar by Jessica (6 damage)
             ... with a wand of magic darts
             ... on Level 2 of the Dungeon.
             The game lasted 00:01:23 (1155 turns).

Kellhus the Sneak (Vampire Wizard)                  Turns: 1155, Time: 00:01:24

HP  -5/19        AC  2     Str  6      XL: 2   Next: 58%
MP   0/6         EV 12     Int 20      God:
Gold 50          SH  0     Dex 12      Spells:  1 memorised,  6 levels left

rFire  . . .     SeeInvis +     (no weapon)
rCold  + . .     Clarity  .     a - +0 robe
rNeg   + + .     rCorr    .     (no shield)
rPois  +         rRot     +     b - +0 hat
rElec  .         Spirit   .     (no cloak)
SustAb .         Warding  .     (no gloves)
rMut   .         Stasis   .     (no boots)
Gourm  .                        (no amulet)
MR     .....                    (no ring)
                                (no ring)

@: regenerating slowly, not resistant to hostile enchantments, unstealthy
A: fangs 3, see invisible, unbreathing
a: no special abilities


You were on level 2 of the Dungeon.
You were thirsty.

You visited 1 branch of the dungeon, and saw 2 of its levels.

You collected 50 gold pieces.

Inventory:

Armour
 a - a +0 robe (worn)
 b - a +0 hat (worn)
Scrolls
 j - a scroll of fear {unknown}
 l - a scroll of teleportation {unknown}
Jewellery
 f - an uncursed ring of fire
Potions
 d - a potion of blood
 e - a potion of haste {unknown}
 g - 2 potions of invisibility {unknown}
 h - a potion of curing {unknown}
 i - a potion of resistance {unknown}
 k - a potion of magic {unknown}
 m - a potion of lignification {unknown}
 n - a potion of poison {unknown}
 o - a potion of cure mutation {unknown}
 p - a potion of mutation {unknown}
Books
 c - a book of Minor Magic

   Spells                             Type                      Level
   *Magic Dart                        Conjuration                  1
   Blink                              Translocation                2
   Call Imp                           Summoning                    2
   Repel Missiles                     Charms/Air                   2
   Slow                               Hexes                        2
   Conjure Flame                      Conjuration/Fire             3
   Mephitic Cloud                     Conjuration/Poison/Air       3


   Skills:
 - Level 2.1 Dodging
 - Level 3.0 Stealth
 - Level 3.0 Spellcasting
 + Level 1.9 Conjurations
   Level 1.0 Summonings
   Level 0.7 Translocations


You had 6 spell levels left.
You knew the following spells:

 Your Spells              Type           Power        Failure   Level  Hunger
a - Magic Dart            Conj           ##..         10%         1    None


Dungeon Overview and Level Annotations

Branches:
Dungeon (2/15)

Altars:

Annotations:
D:2 Jessica


Innate Abilities, Weirdness & Mutations

You heal slowly.
You have razor-sharp teeth.
You have supernaturally acute eyesight.
You can survive without breathing.


Message History

Jessica says, "Why did you come here?"
A quokka comes into view.
Casting: Magic Dart
Confirm with . or Enter, or press ? or * to list all spells.
Aiming: Magic Dart
Press: ? - help, Shift-Dir - straight line, f/p - Jessica
Aim: Jessica, wielding a dagger, wearing a robe and carrying a wand of magic darts {zapped: 2} (heavily wounded, fast)
The magic dart hits Jessica.
Jessica is heavily wounded.
Jessica zaps a wand.
The magic dart hits you!
* * * LOW HITPOINT WARNING * * *
Casting: Magic Dart
Confirm with . or Enter, or press ? or * to list all spells.
Aiming: Magic Dart
Press: ? - help, Shift-Dir - straight line, f/p - Jessica
Aim: Jessica, wielding a dagger, wearing a robe and carrying a wand of magic darts {zapped: 3} (heavily wounded, fast)
The magic dart hits Jessica.
Jessica is severely wounded.
Jessica zaps a wand.
The magic dart hits you!
You die...

######### .. #.......#
.....###.......##########
..r@....@......'.........
.....###.......###.######
..............#.........
######.......#.#.######
####'####.#.# #.# #.#.#
#.# #.#.# #.####.#'##
#..#......#


You could see Jessica and a quokka.

Vanquished Creatures
  A giant gecko (D:1)
  An ooze (D:1)
  3 bats (D:1)
  2 goblins (D:1)
  2 hobgoblins (D:1)
  A giant newt (D:1)
  2 kobolds
  7 rats
19 creatures vanquished.

Notes
Turn   | Place    | Note
--------------------------------------------------------------
     0 | D:1      | Kellhus, the Vampire Wizard, began the quest for the Orb.
     0 | D:1      | Reached XP level 1. HP: 13/13 MP: 4/4
   117 | D:1      | Reached skill level 1 in Conjurations
   435 | D:1      | Reached XP level 2. HP: 19/19 MP: 0/6
  1149 | D:2      | Noticed Jessica
  1155 | D:2      | Killed from afar by Jessica

Action                   || total
-------------------------++-------
Melee: Unarmed           ||    14
 Cast: Magic Dart        ||    49
